 Dungeon Sprint DCSS version 0.17-a0-1719-g1afd5a1 (webtiles) character file.

15066 Kidiri the Severer (level 11, 0/94 HPs)
             Began as a Minotaur Gladiator on Aug 28, 2015.
             Was the Champion of Okawaru.
             Slain by an eidolon (8 damage)
             ... in the Dungeon (Sprint VII: "The Pits").
             The game lasted 00:13:15 (2291 turns).

Kidiri the Severer (Minotaur Gladiator)             Turns: 2291, Time: 00:13:15

Health: 0/94       AC: 28    Str: 26    XL:     11   Next: 97%
Magic:  11/17      EV: 18    Int:  5    God:    Okawaru [******]
Gold:   28         SH:  2    Dex:  9    Spells: 0 memorised, 10 levels left

rFire  . . .     SeeInvis .     G - +1 battleaxe (chop)
rCold  . . .     Clarity  +     K - +1 plate armour {MR+}
rNeg   . . .     SustAt   .     (no shield)
rPois  .         Gourm    .     c - +2 hat
rElec  .         Spirit   .     y - +0 cloak
rCorr  .         Warding  .     (no gloves)
rMut   .         NoTele   +     a - +0 pair of boots
MR     +....                    E - amulet of clarity
Stlth  ..........               u - +3 ring of evasion
                                t - +3 ring of strength

@: lethally poisoned (0 -> 0), afraid, heroism, finesse, slowed, very slow,
somewhat resistant to hostile enchantments, extremely unstealthy
A: retaliatory headbutt, horns 2, large bone plates 1, clumsy 1, frail 1,
screaming 1
a: Heroism, Finesse, Renounce Religion


You were in the Dungeon.
You worshipped Okawaru.
Okawaru was exalted by your worship.
You were not hungry.

You visited 1 branch You collected 28 gold pieces.

Inventory:

Hand weapons
 x - a +5 broad axe of electrocution
 G - a +1 battleaxe of chopping (weapon)
Missiles
 b - 5 poisoned javelins
 d - 5 throwing nets
 s - 5 javelins of returning (quivered)
 A - 2 silver tomahawks
 B - 4 tomahawks of returning
Armour
 a - a +0 pair of boots (worn)
 c - a +2 hat (worn)
 y - a +0 cloak (worn)
 K - a +1 plate armour of magic resistance (worn)
Jewellery
 t - a +3 ring of strength (left hand)
 u - a +3 ring of evasion (right hand)
 E - an amulet of clarity (around neck)
 F - an uncursed ring of fire
Scrolls
 k - 2 scrolls of blinking
 p - 5 scrolls of remove curse
 q - 5 scrolls of amnesia
 r - a scroll of summoning
 C - a scroll of recharging
 D - a scroll of fear
Potions
 f - 8 potions of curing
 g - 2 potions of heal wounds
 h - 4 potions of haste
 i - 4 potions of magic
 j - 5 potions of berserk rage
 l - 5 potions of brilliance
 o - 2 potions of invisibility
 v - 2 potions of agility
 w - 3 potions of resistance
Comestibles
 e - 7 bread rations
 m - 40 fruits
 n - 7 meat rations
 z - 3 chunks of flesh


   Skills:
 + Level 12.5(17.5) Fighting
 * Level 16.7(21.7) Axes
 + Level 10.6(15.6) Throwing
 * Level 16.4(21.4) Armour
 * Level 15.6(20.6) Dodging
 + Level 10.5 Invocations


You had 10 spell levels left.
You didn't know any spells.

Dungeon Overview and Level Annotations

Branches:
Dungeon (1/1)

Altars:
Ashenzari
Cheibriados
Dithmenos
Elyvilon
Fedhas
Gozag
Kikubaaqudgha
Makhleb
Nemelex Xobeh
Okawaru
Qazlal
Ru
Sif Muna
Trog
Vehumet
Xom
Yredelemnul
Zin
The Shining One
Beogh
Jiyva
Lugonu


Innate Abilities, Weirdness & Mutations

You reflexively headbutt those who attack you in melee.
You have a pair of horns on your head.
You are partially covered in large bone plates (AC +2, SH +2).
You are clumsy. (Dex -2)
You are frail (-10% HP).
You occasionally shout uncontrollably at your foes.


Message History

The orc warlord is lightly wounded.
You slash the orc knight!
The orc knight is moderately wounded.
You slash something! You slice the eidolon!!
The eidolon is heavily damaged.
Something hits you but does no damage.
The yellow draconian moves out of view.
An orc knight comes into view. It is wielding a battleaxe.
You barely miss the orc warlord.
The orc knight shouts!
Your headbutt misses the orc warlord.
The orc warlord is lightly wounded.
You slice the orc knight!!
The orc knight is severely wounded.
You barely miss something. You slash the eidolon!
The eidolon is almost destroyed.
You feel sick. Something hits you.
* * * LOW HITPOINT WARNING * * *
The orc knight hits you but does no damage.
The eidolon hits you!
You die...

+#######################
.................W......
................@.....(.
.##############oo#######
.#


copo. .# #o#o..o# .# .. .o.oD. .# #c o#....#. )# # ....oo... )# .#.#...o# # .#
You could see 2 orc warlords, a yaktaur captain, a vault guard, an eidolon, a
swamp dragon, 11 orc knights and a yaktaur.

Vanquished Creatures
  A merfolk impaler (D)
  Josephine (D)
  A death knight (D)
  Erica (D)
  A death yak (D)
  A fire crab (D)
  2 deep trolls (D)
  A deep elf summoner (D)
  A hill giant (D)
  An orc sorcerer (D)
  A phantasmal warrior (D)
  An orc knight (D)
  An ugly thing (D)
  A cyclops (D)
  An eye of devastation (D)
  A black mamba (D)
  An efreet (D)
  3 demonic crawlers (D)
  A fire drake (D)
  A giant leech (D)
  A polar bear (D)
  A two-headed ogre (D)
  3 merfolk (D)
  5 blink frogs (D)
  A boulder beetle (D)
  A flying skull (D)
  A spriggan (D)
  Sigmund (D)
  3 wraiths (D)
  A ynoxinul (D)
  A deep elf fighter (D)
  A naga (D)
  A water moccasin (D)
  2 soldier ants (D)
  A phantom (D)
  An orc warrior (D)
  A necrophage (D)
  A sky beast (D)
  An ogre (D)
  A brain worm (D)
  3 crocodiles (D)
  A big kobold (D)
  A giant frog (D)
  A gnoll sergeant (D)
  A quasit (D)
  2 hounds (D)
  2 jellies (D)
  3 orc wizards (D)
  A worker ant (D)
  A river rat (D)
  An adder (D)
  5 gnolls (D)
  A giant eyeball (D)
  A white imp (D)
  An ooze (D)
  An adder skeleton (D)
  An orc (D)
  A ball python (D)
  A bat (D)
  2 bat zombies (D)
  A goblin (D)
  A quokka (D)
  A giant gecko skeleton (D)
  2 kobolds (D)
  A rat (D)
89 creatures vanquished.

Notes
Turn   | Place    | Note
--------------------------------------------------------------
     0 | D        | Kidiri the Minotaur Gladiator began the quest for the Orb.
     0 | D        | Reached XP level 1. HP: 18/18 MP: 0/0
    64 | D        | Found a sacrificial altar of Ru.
    64 | D        | Found a basalt altar of Yredelemnul.
    64 | D        | Found a shadowy altar of Dithmenos.
    64 | D        | Found a deep blue altar of Sif Muna.
    64 | D        | Found a burning altar of Makhleb.
    64 | D        | Found a shimmering altar of Xom.
    64 | D        | Found an ancient bone altar of Kikubaaqudgha.
    64 | D        | Found a sparkling altar of Nemelex Xobeh.
    65 | D        | Found a glowing golden altar of the Shining One.
    65 | D        | Found a bloodstained altar of Trog.
    65 | D        | Found a shattered altar of Ashenzari.
    65 | D        | Found a white marble altar of Elyvilon.
    65 | D        | Found a snail-covered altar of Cheibriados.
    65 | D        | Found a blossoming altar of Fedhas.
    65 | D        | Found a radiant altar of Vehumet.
    65 | D        | Found a glowing silver altar of Zin.
    65 | D        | Found a corrupted altar of Lugonu.
    65 | D        | Found a viscous altar of Jiyva.
    65 | D        | Found a roughly hewn altar of Beogh.
    65 | D        | Found an iron altar of Okawaru.
    71 | D        | Found a stormy altar of Qazlal.
    72 | D        | Found an opulent altar of Gozag.
    74 | D        | Became a worshipper of Warmaster Okawaru
    93 | D        | Reached skill level 1 in Armour
    93 | D        | Reached skill level 4 in Axes
   157 | D        | Reached XP level 2. HP: 24/26 MP: 1/1
   182 | D        | Noticed a jelly
   186 | D        | Reached skill level 1 in Invocations
   187 | D        | Killed a jelly
   187 | D        | Reached skill level 5 in Axes
   187 | D        | Reached XP level 3. HP: 22/33 MP: 1/3
   429 | D        | Noticed a big kobold
   441 | D        | Killed a big kobold
   441 | D        | Acquired Okawaru's first power
   441 | D        | Reached skill level 6 in Axes
   441 | D        | Reached skill level 5 in Armour
   441 | D        | Reached skill level 5 in Dodging
   441 | D        | Reached XP level 4. HP: 38/41 MP: 3/5
   539 | D        | Noticed a quasit
   540 | D        | Noticed a water moccasin
   540 | D        | Noticed a deep elf fighter
   547 | D        | Killed a quasit
   547 | D        | Reached XP level 5. HP: 19/47 MP: 3/6
   549 | D        | Killed a water moccasin
   549 | D        | Reached skill level 5 in Fighting
   549 | D        | Reached skill level 7 in Axes
   549 | D        | Reached XP level 6. HP: 28/56 MP: 3/7
   550 | D        | Killed a deep elf fighter
   550 | D        | Reached skill level 8 in Axes
   550 | D        | Reached skill level 5 in Throwing
   551 | D        | Noticed a sky beast
   560 | D        | Killed a sky beast
   560 | D        | Reached skill level 9 in Axes
   566 | D        | Gained mutation: You occasionally shout uncontrollably at your foes. [mutagenic meat]
   567 | D        | Gained mutation: You are partially covered in large bone plates (AC +2, SH +2). [mutagenic meat]
   568 | D        | Gained mutation: You are frail (-10% HP). [mutagenic meat]
   569 | D        | Gained mutation: You are clumsy. (Dex -2) [mutagenic meat]
   734 | D        | Noticed a giant frog
   736 | D        | Killed a giant frog
   736 | D        | Reached XP level 7. HP: 57/57 MP: 6/9
   740 | D        | Noticed a deep troll
   752 | D        | Killed a deep troll
   752 | D        | Reached skill level 10 in Axes
   752 | D        | Reached skill level 5 in Invocations
   752 | D        | Reached XP level 8. HP: 31/65 MP: 7/11
   755 | D        | Noticed a brain worm
   755 | D        | Noticed a jelly
   755 | D        | Noticed Sigmund
   759 | D        | Killed Sigmund
   759 | D        | Reached skill level 10 in Armour
   759 | D        | Reached skill level 10 in Dodging
   761 | D        | Killed a jelly
   766 | D        | Killed a brain worm
   766 | D        | Reached skill level 11 in Axes
   940 | D        | Noticed a soldier ant
   940 | D        | Noticed a crocodile
   944 | D        | Killed a crocodile
   949 | D        | Killed a soldier ant
  1130 | D        | Noticed a necrophage
  1131 | D        | Noticed a phantom
  1137 | D        | Killed a necrophage
  1147 | D        | Killed a phantom
  1156 | D        | Noticed a phantasmal warrior
  1161 | D        | Killed a phantasmal warrior
  1161 | D        | Reached skill level 12 in Axes
  1161 | D        | Reached XP level 9. HP: 54/73 MP: 11/13
  1162 | D        | Noticed a polar bear
  1170 | D        | Killed a polar bear
  1286 | D        | Noticed a deep troll
  1286 | D        | Noticed a two-headed ogre
  1295 | D        | Killed a deep troll
  1297 | D        | Killed a two-headed ogre
  1323 | D        | Noticed a gnoll sergeant
  1323 | D        | Noticed a hound
  1326 | D        | Killed a hound
  1330 | D        | Noticed a soldier ant
  1332 | D        | Killed a gnoll sergeant
  1338 | D        | Killed a soldier ant
  1338 | D        | Reached skill level 13 in Axes
  1490 | D        | Noticed a purple ugly thing
  1495 | D        | Killed a purple ugly thing
  1505 | D        | Noticed a worker ant
  1505 | D        | Noticed a death yak
  1505 | D        | Noticed a hound
  1512 | D        | Killed a death yak
  1512 | D        | Reached skill level 10 in Fighting
  1512 | D        | Reached XP level 10. HP: 72/83 MP: 13/15
  1513 | D        | Noticed a boulder beetle
  1513 | D        | Killed a worker ant
  1514 | D        | Killed a hound
  1521 | D        | Killed a boulder beetle
  1521 | D        | Acquired Okawaru's second power
  1695 | D        | Noticed a hill giant
  1695 | D        | Noticed a demonic crawler
  1695 | D        | Noticed a wraith
  1695 | D        | Noticed a cyclops
  1696 | D        | Noticed a spriggan
  1696 | D        | Noticed Josephine
  1696 | D        | Noticed a deep elf summoner
  1696 | D        | Noticed a death knight
  1696 | D        | Noticed a wraith
  1696 | D        | Noticed a wraith
  1700 | D        | Killed a demonic crawler
  1705 | D        | Killed a wraith
  1709 | D        | Killed a hill giant
  1709 | D        | Reached skill level 14 in Axes
  1711 | D        | Killed Josephine
  1713 | D        | Killed a spriggan
  1715 | D        | Killed a deep elf summoner
  1715 | D        | Received a gift from Okawaru
  1718 | D        | Killed a wraith
  1720 | D        | Killed a death knight
  1720 | D        | Killed a wraith
  1720 | D        | Reached XP level 11. HP: 68/91 MP: 16/16
  1721 | D        | Killed a cyclops
  1721 | D        | Reached skill level 15 in Axes
  1812 | D        | Noticed a flying skull
  1812 | D        | Noticed a demonic crawler
  1812 | D        | Noticed a giant leech
  1813 | D        | Noticed an orc warrior
  1814 | D        | Noticed an orc knight
  1816 | D        | Noticed an orc wizard
  1816 | D        | Noticed an orc sorcerer
  1817 | D        | Noticed an ogre
  1819 | D        | Killed a flying skull
  1821 | D        | Noticed a demonic crawler
  1823 | D        | Noticed a crocodile
  1825 | D        | Noticed an orc wizard
  1828 | D        | Noticed a black mamba
  1830 | D        | Noticed an orc wizard
  1831 | D        | Noticed Erica
  1831 | D        | Killed a demonic crawler
  1833 | D        | Killed a giant leech
  1836 | D        | Killed an orc knight
  1836 | D        | Received a gift from Okawaru
  1838 | D        | Killed an ogre
  1845 | D        | Noticed a sun demon
  1846 | D        | Killed a black mamba
  1846 | D        | Reached skill level 15 in Armour
  1846 | D        | Killed an orc warrior
  1852 | D        | Killed a demonic crawler
  1858 | D        | Killed an orc sorcerer
  1858 | D        | Received a gift from Okawaru
  1859 | D        | Killed a crocodile
  1861 | D        | Killed an orc wizard
  1862 | D        | Killed an orc wizard
  1865 | D        | Killed an orc wizard
  1866 | D        | Killed Erica
  1866 | D        | Received a gift from Okawaru
  1866 | D        | Reached skill level 10 in Throwing
  1973 | D        | Noticed a ynoxinul
  1973 | D        | Noticed a fire drake
  1975 | D        | Noticed an efreet
  1982 | D        | Killed a fire drake
  1987 | D        | Killed a ynoxinul
  1989 | D        | Killed an efreet
  1989 | D        | Reached skill level 16 in Axes
  1989 | D        | Reached skill level 10 in Invocations
  2152 | D        | Noticed a blink frog
  2153 | D        | Noticed a blink frog
  2153 | D        | Noticed a blink frog
  2153 | D        | Noticed a blink frog
  2154 | D        | Noticed a fire crab
  2155 | D        | Noticed a blink frog
  2160 | D        | Killed a blink frog
  2160 | D        | Killed a blink frog
  2160 | D        | Reached skill level 15 in Dodging
  2161 | D        | Killed a blink frog
  2162 | D        | Killed a fire crab
  2162 | D        | Received a gift from Okawaru
  2166 | D        | Killed a blink frog
  2169 | D        | Killed a blink frog
  2186 | D        | Noticed a merfolk impaler
  2186 | D        | Noticed a merfolk
  2186 | D        | Noticed a merfolk
  2186 | D        | Noticed a merfolk
  2196 | D        | Killed a merfolk
  2203 | D        | Killed a merfolk
  2203 | D        | Received a gift from Okawaru
  2205 | D        | Killed a merfolk
  2207 | D        | Killed a merfolk impaler
  2233 | D        | Noticed a crocodile
  2236 | D        | Killed a crocodile
  2237 | D        | Noticed an eye of devastation
  2245 | D        | Killed an eye of devastation
  2245 | D        | Received a gift from Okawaru
  2264 | D        | Noticed an eidolon
  2275 | D        | Noticed a naga
  2276 | D        | Noticed an orc knight
  2276 | D        | Noticed an orc knight
  2283 | D        | Noticed a yaktaur
  2283 | D        | Noticed an orc knight
  2283 | D        | Noticed an orc knight
  2283 | D        | Noticed an orc warlord
  2283 | D        | Noticed an orc warlord
  2283 | D        | Noticed a vault guard
  2284 | D        | Noticed an orc knight
  2285 | D        | Noticed an orc knight
  2285 | D        | Noticed an orc knight
  2286 | D        | Noticed a fire crab
  2286 | D        | Noticed a yaktaur captain
  2288 | D        | Noticed an orc knight
  2288 | D        | Noticed an orc knight
  2288 | D        | Noticed an orc knight
  2289 | D        | Noticed a yellow draconian
  2289 | D        | Killed a naga
  2290 | D        | Noticed a swamp dragon
  2291 | D        | Noticed an orc knight
  2291 | D        | Slain by an eidolon

Vault maps used:
D:        pitsprint

Action                   |  1- 3 |  4- 6 |  7- 9 | 10-12 || total
-------------------------+-------+-------+-------+-------++-------
Melee: War axe           |    22 |    18 |    28 |       ||    68
       Broad axe         |       |       |    47 |   112 ||   159
       Battleaxe         |       |       |       |    13 ||    13
Throw: Javelin           |       |       |       |    28 ||    28
Invok: Heroism           |       |     2 |     4 |     5 ||    11
       Finesse           |       |       |       |     3 ||     3
  Use: Potion            |       |     1 |     1 |     8 ||    10
       Scroll            |       |       |       |     6 ||     6
  Eat: Chunk             |       |     4 |       |       ||     4
       Bread ration      |       |       |     1 |     1 ||     2
